 Dungeon Crawl Stone Soup version 0.24.0-13-gcf9b3192b9 (webtiles) character file.

Game seed: 4858864085204198175, levelgen mode: deterministic

3334 FishyPogo the Magician (level 10, -1/77 HPs)
             Began as a Gnoll Skald on Nov 10, 2019.
             Was an Elder of Qazlal.
             Slain by an orc warrior
             ... wielding a +3 war axe
              (23 damage)
             ... in a bailey.
             The game lasted 00:30:03 (5477 turns).

FishyPogo the Magician (Gnoll Skald)                Turns: 5477, Time: 00:30:05

Health: -1/77      AC: 17    Str: 15    XL:     10   Next: 2%
Magic:  7/20       EV: 13    Int: 25    God:    Qazlal [****..]
Gold:   283        SH:  5    Dex: 17    Spells: 8/23 levels left

rFire    . . .     SeeInvis .   f - +4 quarterstaff (chaos)
rCold    . . .     Gourm    .   (shield currently unavailable)
rNeg     . . .     Faith    .   g - +2 scale mail of Hedging {rElec Int+7}
rPois    +         Spirit   .   k - +2 helmet {Int+3}
rElec    +         Reflect  .   n - +2 cloak {rPois}
rCorr    .         Harm     .   (no gloves)
MR       +....                  y - +0 pair of boots
Stlth    ++........             (no amulet)
HPRegen  0.22/turn              b - ring of stealth
MPRegen  0.17/turn              H - ring of protection from magic

@: very slightly contaminated, repel missiles
A: distributed training, fangs 1, strong nose
a: Upheaval, Elemental Force, Renounce Religion


You were in a bailey.
You worshipped Qazlal.
Qazlal was greatly pleased with you.
You were not hungry.

You visited 1 branch of the dungeon, and saw 7 of its levels.
You also visited: Bailey.

You collected 294 gold pieces.
You spent 11 gold pieces at shops.

Inventory:

Hand Weapons
 f - a +4 quarterstaff of chaos (weapon)
 i - a +0 scythe
Missiles
 e - 186 stones (quivered)
 m - 7 curare-tipped darts
 v - a boomerang of dispersal
 F - 19 boomerangs
Armour
 g - the +2 scale mail of Hedging (worn) {rElec Int+7}
   (You found it on level 1 of the Dungeon)

   It affects your intelligence (+7).
   It insulates you from electricity.
 k - a +2 helmet of intelligence (worn)
 n - a +2 cloak of poison resistance (worn)
 y - a +0 pair of boots (worn)
 I - a +1 leather armour of cold resistance
Jewellery
 b - a ring of stealth (left hand)
 H - a ring of protection from magic (right hand)
Wands
 s - a wand of paralysis (3)
 A - a wand of scattershot (7)
 G - a wand of flame (13)
Scrolls
 c - 3 scrolls of fog {unknown}
 o - 4 scrolls of identify {unknown}
 u - a scroll of enchant weapon
 w - a scroll of remove curse
 x - 2 scrolls of teleportation {unknown}
 E - a scroll of blinking {unknown}
Potions
 h - 3 potions of curing
 j - a potion of agility {unknown}
 l - 2 potions of heal wounds {unknown}
 p - a potion of lignification {unknown}
 q - a potion of ambrosia
 r - a potion of flight {unknown}
 t - 2 potions of berserk rage
 z - a potion of mutation {unknown}
 B - a potion of might {unknown}
Comestibles
 a - 26 chunks of flesh
 d - 12 rations


   Skills:
 + Level 6.6 Fighting
 + Level 4.7 Short Blades
 + Level 4.7 Long Blades
 + Level 4.7 Axes
 + Level 4.7 Maces & Flails
 + Level 6.6 Polearms
 + Level 4.7 Staves
 + Level 4.7 Slings
 + Level 4.7 Bows
 + Level 4.7 Crossbows
 + Level 4.7 Throwing
 + Level 5.4 Armour
 + Level 6.6 Dodging
 + Level 4.7 Stealth
 + Level 4.7 Shields
 + Level 4.7 Unarmed Combat
 + Level 7.0 Spellcasting
 + Level 3.9 Conjurations
 + Level 3.9 Hexes
 + Level 6.8 Charms
 + Level 3.9 Summonings
 + Level 3.9 Necromancy
 + Level 3.9 Translocations
 + Level 3.9 Transmutations
 + Level 3.9 Fire Magic
 + Level 3.9 Ice Magic
 + Level 3.9 Air Magic
 + Level 3.9 Earth Magic
 + Level 3.9 Poison Magic
 + Level 5.2 Invocations
 + Level 4.7 Evocations


You had 8 spell levels left.
You knew the following spells:

 Your Spells              Type           Power        Failure   Level  Hunger
a - Freeze                Ice            ####         4%          1    None
b - Throw Frost           Conj/Ice       ####..       7%          2    None
c - Mephitic Cloud        Conj/Pois/Air  ####....     14%         3    None
h - Regeneration          Chrm/Necr      #####.....   8%          3    None
p - Shroud of Golubria    Chrm/Tloc      #####.       4%          2    None
u - Spectral Weapon       Hex/Chrm       #####...     8%          3    None
y - Infusion              Chrm           ####         1%          1    None

Your spell library contained the following spells:

 Spells                   Type           Power        Failure   Level  Hunger
 Song of Slaying          Chrm           #####...     2%          2    None
 Magic Dart               Conj           ####         4%          1    None
 Blink                    Tloc           N/A          7%          2    None
 Call Imp                 Summ           ####....     7%          2    None
 Slow                     Hex            ####....     7%          2    None
 Ozocubu's Armour         Chrm/Ice       #####...     8%          3    None
 Conjure Flame            Conj/Fire      ####....     14%         3    None
 Summon Ice Beast         Ice/Summ       ####....     43%         4    ###....
 Throw Icicle             Conj/Ice       ####....     43%         4    ###....


Dungeon Overview and Level Annotations

Branches:
Dungeon (7/15)             Temple (0/1) D:5          Bailey (1/1)

Altars:
Qazlal
Trog

Shops:
D:6 !

Annotations:
D:6 2 transporters


Innate Abilities, Weirdness & Mutations

Your experience applies equally to all skills.
You have very sharp teeth.
Your uncanny sense of smell can sniff out nearby items.


Message History

You have reached level 10!
You block the orc warrior's attack.
The orc warrior barely misses your air elemental.
Your water elemental hits the orc warrior!!
The orc warrior hits you with a +0 war axe!
* * * LOW HITPOINT WARNING * * *
The orc warrior barely misses your water elemental.
You hit the orc warrior but do no damage.
Shadowy shapes form in the air around the orc warrior, then vanish.
Your bite misses the orc warrior.
Your air elemental hits the orc warrior!
Your air elemental hits the orc warrior but does no damage.
You block the goblin's attack.
An orc comes into view. It is wielding a +0 hand axe.
Your water elemental misses the orc warrior.
The goblin closely misses you.
The goblin barely misses your air elemental.
Your air elemental hits the orc warrior but does no damage.
The orc warrior hits you with a +3 war axe!!
You die...

..# ...... .###∆ ###
..... ∆ ##.###
###.###o.. .....###
###.....#'#
.......###.......o.##
........#...........#
........#...........#
..⌠..).)#.....)gog..#
........).....○E@o..#
......))#.....○.°E..#
.......###......○..##
.....### ###.....###
##.### ###.### ###
###


You could see an orc warlord, 2 orc warriors, an orc, 2 goblins, a friendly
water elemental and a friendly air elemental.

Vanquished Creatures
  Prince Ribbit (D:7)
  Sigmund (D:2)
  Eustachio (D:5)
  The ghost of PentaManta the Sneak, an amateur KoAs (D:3)
  Duvessa (D:5)
  5 orc warriors
  3 sky beasts
  5 ogres
  An ice beast (D:7)
  A centaur (D:7)
  A bullfrog (D:7)
  Dowan (D:5)
  2 scorpions
  A howler monkey (D:7)
  2 crimson imps (D:7)
  A centaur zombie (D:7)
  3 hounds
  Crazy Yiuf (D:2)
  2 bullfrog skeletons
  A centaur skeleton (D:6)
  4 orc priests
  5 orc wizards
  2 iguanas
  A worker ant (D:4)
  Robin (D:4)
  A howler monkey skeleton (D:7)
  10 gnolls
  4 adders
  A shadow imp (D:7)
  2 oozes
  5 worms
  2 dart slugs
  2 leopard geckos
  42 orcs
  5 bats
  2 giant cockroaches
  36 goblins
  17 hobgoblins
  4 jackals
  3 quokkas
  6 frilled lizards
  A jackal skeleton (D:4)
  5 kobolds (D:1)
  A quokka skeleton (D:4)
  4 rats
  A bush (D:2)
  6 spectral weapons
208 creatures vanquished.

Vanquished Creatures (collateral kills)
  An orc warrior (Bailey)
  A goblin (Bailey)
  A hobgoblin (Bailey)
3 creatures vanquished.

Vanquished Creatures (others)
  2 spectral weapons (Bailey)
2 creatures vanquished.

Grand Total: 213 creatures vanquished

Notes
Turn   | Place    | Note
-------+----------+-------------------------------------------
     0 | D:1      | FishyPogo the Gnoll Skald began the quest for the Orb.
     0 | D:1      | Reached XP level 1. HP: 20/20 MP: 6/6
   143 | D:1      | Reached XP level 2. HP: 26/26 MP: 1/7
   152 | D:1      | Learned a level 2 spell: Shroud of Golubria
   532 | D:1      | Reached XP level 3. HP: 31/31 MP: 9/9
   641 | D:1      | Got a warped scale mail
   769 | D:2      | Reached skill level 5 in Spellcasting
   787 | D:2      | Learned a level 3 spell: Regeneration
   791 | D:2      | Learned a level 3 spell: Spectral Weapon
   859 | D:2      | Reached skill level 1 in Invocations
   889 | D:2      | Noticed Sigmund
  1027 | D:2      | Killed Sigmund
  1027 | D:2      | Reached skill level 1 in Short Blades
  1027 | D:2      | Reached skill level 1 in Long Blades
  1027 | D:2      | Reached skill level 1 in Axes
  1027 | D:2      | Reached skill level 1 in Maces & Flails
  1027 | D:2      | Reached skill level 1 in Staves
  1027 | D:2      | Reached skill level 1 in Slings
  1027 | D:2      | Reached skill level 1 in Bows
  1027 | D:2      | Reached skill level 1 in Crossbows
  1027 | D:2      | Reached skill level 1 in Throwing
  1027 | D:2      | Reached skill level 1 in Stealth
  1027 | D:2      | Reached skill level 1 in Shields
  1027 | D:2      | Reached skill level 1 in Unarmed Combat
  1027 | D:2      | Reached skill level 1 in Conjurations
  1027 | D:2      | Reached skill level 1 in Hexes
  1027 | D:2      | Reached skill level 1 in Summonings
  1027 | D:2      | Reached skill level 1 in Necromancy
  1027 | D:2      | Reached skill level 1 in Translocations
  1027 | D:2      | Reached skill level 1 in Transmutations
  1027 | D:2      | Reached skill level 1 in Fire Magic
  1027 | D:2      | Reached skill level 1 in Ice Magic
  1027 | D:2      | Reached skill level 1 in Air Magic
  1027 | D:2      | Reached skill level 1 in Earth Magic
  1027 | D:2      | Reached skill level 1 in Poison Magic
  1027 | D:2      | Reached skill level 1 in Evocations
  1027 | D:2      | Reached XP level 4. HP: 13/38 MP: 1/11
  1027 | D:2      | Reached XP level 5. HP: 15/43 MP: 1/12
  1146 | D:2      | Identified the +2 scale mail of Hedging {rElec Int+7} (You
                  | found it on level 1 of the Dungeon)
  1744 | D:2      | Found a runed translucent door.
  1745 | D:2      | Noticed Crazy Yiuf
  1752 | D:2      | Killed Crazy Yiuf
  1752 | D:2      | Reached XP level 6. HP: 37/50 MP: 4/13
  1854 | D:3      | Found a runed translucent door.
  1865 | D:3      | Noticed PentaManta's ghost (amateur KoAs)
  1874 | D:3      | Killed PentaManta's ghost
  1874 | D:3      | Reached skill level 5 in Fighting
  1874 | D:3      | Reached skill level 5 in Polearms
  1874 | D:3      | Reached skill level 5 in Dodging
  1880 | D:3      | Learned a level 1 spell: Freeze
  1941 | D:3      | Found a stormy altar of Qazlal.
  1950 | D:3      | Became a worshipper of Qazlal Stormbringer
  2183 | D:3      | Noticed a sky beast
  2192 | D:3      | Killed a sky beast
  2192 | D:3      | Reached XP level 7. HP: 56/56 MP: 6/15
  2643 | D:4      | Noticed Robin
  2657 | D:4      | Killed Robin
  2818 | D:4      | Reached * piety under Qazlal
  2986 | D:4      | Learned a level 2 spell: Throw Frost
  3667 | D:5      | Entered Level 5 of the Dungeon
  3673 | D:5      | Noticed Duvessa
  3675 | D:5      | Noticed Dowan
  3681 | D:5      | Killed Duvessa
  3681 | D:5      | Reached XP level 8. HP: 61/63 MP: 6/16
  3684 | D:5      | Killed Dowan
  3803 | D:5      | Reached skill level 6 in Spellcasting
  3882 | D:5      | Noticed Eustachio
  3902 | D:5      | Killed Eustachio
  3907 | D:5      | Learned a level 3 spell: Mephitic Cloud
  3950 | D:5      | Found a staircase to the Ecumenical Temple.
  4200 | D:6      | Found a transporter.
  4213 | D:6      | Noticed a kobold demonologist
  4214 | D:6      | Noticed a kobold demonologist
  4230 | D:6      | Found Guff's Distillery.
  4242 | D:6      | Bought a potion of degeneration for 11 gold pieces
  4287 | D:6      | Reached ** piety under Qazlal
  4425 | D:6      | Found a transporter.
  4559 | D:6      | Found a bloodstained altar of Trog.
  4810 | D:7      | Noticed Prince Ribbit
  4868 | D:7      | Reached XP level 9. HP: 69/69 MP: 14/18
  4943 | D:7      | Killed Prince Ribbit
  4943 | D:7      | Reached skill level 5 in Armour
  5125 | D:7      | Reached *** piety under Qazlal
  5234 | D:7      | Found a flagged portal.
  5243 | Bailey   | Entered a bailey
  5348 | Bailey   | Reached skill level 5 in Invocations
  5352 | Bailey   | Reached **** piety under Qazlal
  5451 | Bailey   | Noticed an orc warlord
  5476 | Bailey   | Reached skill level 7 in Spellcasting
  5476 | Bailey   | Reached XP level 10. HP: 38/77 MP: 7/20
  5477 | Bailey   | Slain by an orc warrior

Levels and vault maps discovered:
D:1:      elethiomel_arrival_quiet, layout_basic, dk_noncrumbling_3,
          kennysheep_boxes
D:2:      layout_basic, uniq_crazy_yiuf_cottage, uniq_sigmund
D:3:      layout_basic, gammafunk_ghost_grave, grunt_qazlal_sundering
D:4:      layout_basic, first_ration, uniq_robin
D:5:      layout_rooms, temple_green, uniq_eustachio, uniq_duvessa
D:6:      gammafunk_wand_slinger, layout_gridville,
          nicolae_overflow_hidden_temple, serial_shops, shop, minmay_checkerbox
D:7:      layout_basic, lightli_bailey_entry_fortress, uniq_prince_ribbit1
Bailey:   bailey_axe_minmay_hex_keep, bailey

Skill      XL: |  1  2  3  4  5  6  7  8  9 |
---------------+----------------------------+-----
Spellcasting   | 5 6 7 |  7.0
Invocations    | 1 2 3 4 5 |  5.2
Short Blades   | 1 2 3 4 |  4.7
Long Blades    | 1 2 3 4 |  4.7
Axes           | 1 2 3 4 |  4.7
Maces & Flails | 1 2 3 4 |  4.7
Staves         | 1 2 3 4 |  4.7
Slings         | 1 2 3 4 |  4.7
Bows           | 1 2 3 4 |  4.7
Crossbows      | 1 2 3 4 |  4.7
Throwing       | 1 2 3 4 |  4.7
Armour         | 3 4 5 |  5.4
Stealth        | 1 2 3 4 |  4.7
Shields        | 1 2 3 4 |  4.7
Unarmed Combat | 1 2 3 4 |  4.7
Conjurations   | 1 2 3 |  3.9
Hexes          | 1 2 3 |  3.9
Summonings     | 1 2 3 |  3.9
Necromancy     | 1 2 3 |  3.9
Translocations | 1 2 3 |  3.9
Transmutations | 1 2 3 |  3.9
Fire Magic     | 1 2 3 |  3.9
Ice Magic      | 1 2 3 |  3.9
Air Magic      | 1 2 3 |  3.9
Earth Magic    | 1 2 3 |  3.9
Poison Magic   | 1 2 3 |  3.9
Evocations     | 1 2 3 4 |  4.7
Fighting       | 5 6 |  6.6
Polearms       | 5 6 |  6.6
Dodging        | 5 6 |  6.6
Charms         | 6 |  6.8

Action                   |  1- 3 |  4- 6 |  7- 9 | 10-12 || total
-------------------------+-------+-------+-------+-------++-------
Melee: Spear             |    79 |     2 |       |       ||    81
       Bite              |     4 |     9 |    39 |       ||    52
       Scythe            |       |    46 |       |       ||    46
       Quarterstaff      |       |    26 |   286 |     1 ||   313
       Falchion          |       |       |     1 |       ||     1
Throw: Stone             |       |     4 |     4 |       ||     8
 Cast: Infusion          |     8 |     6 |    13 |       ||    27
       Shroud of Golubri |     3 |     2 |     1 |       ||     6
       Spectral Weapon   |     4 |     8 |    32 |       ||    44
       Regeneration      |     1 |     2 |     3 |       ||     6
       Throw Frost       |       |       |    17 |       ||    17
Invok: Elemental Force   |       |       |     1 |       ||     1
  Use: Scroll            |     1 |       |     4 |       ||     5
       Potion            |     1 |       |     1 |       ||     2
 Stab: Petrifying        |       |       |     2 |       ||     2
       Distracted        |       |       |     1 |       ||     1
  Eat: Chunk             |     1 |     3 |    12 |       ||    16
Armor: Leather armour    |    10 |     1 |       |       ||    11
       Scale mail        |       |    22 |   142 |       ||   164
Dodge: Dodged            |    30 |    20 |   189 |     1 ||   240
Block: Other             |       |       |    29 |     2 ||    31
